 Dungeon Crawl Stone Soup version 0.31.0-11-ge490571c62 (webtiles) character file.

Game seed: 16410921689804754528

2132 Fodor the Cleaver (level 9, -7/75 HPs)
             Began as a Minotaur Fighter on Feb 6, 2024.
             Was an Initiate of Gozag.
             Killed by divine providence
             ... invoked by an orc priest
              (11 damage)
             ... on level 8 of the Dungeon.
             The game lasted 00:27:12 (5814 turns).

Fodor the Cleaver (Minotaur Fighter)                Turns: 5814, Time: 00:27:12

Health: -7/75      AC: 11    Str: 20    XL:     9   Next: 9%
Magic:  8/8        EV: 11    Int:  5    God:    Gozag
Gold:   282        SH:  5    Dex: 15    Spells: 8/8 levels left

rFire   x . .        y - +8 hand axe of the Sky {venom, rPois rF- Str-5 Dex+5}
rCold   . . .        c - +0 buckler
rNeg    . . .        b - +0 scale mail
rPois   +            (helmet restricted)
rElec   .            r - +1 cloak
rCorr   .            (no gloves)
SInv    +            o - +0 pair of boots
Will    .....        (no amulet) Stlth
                     h - ring of see invisible
HPRegen 0.32/turn    (no ring)
MPRegen 0.11/turn

%: no passive effects
@: no status effects
A: horns 2, retaliatory headbutt
a: Renounce Religion, Potion Petition, Call Merchant, Bribe Branch


You were on level 8 of the Dungeon.
You worshipped Gozag.
Gozag was aware of your devotion.
You visited 2 branches of the dungeon, and saw 8 of its levels.

You collected 352 gold pieces.
You paid 70 gold pieces to Gozag.

Inventory:

Hand Weapons
 a - a +0 war axe
 q - a +4 quarterstaff of chaos
 y - the +8 hand axe of the Sky (weapon) {venom, rPois rF- Str-5 Dex+5}
   (You found it on level 6 of the Dungeon)

   Str-5:     It affects your strength (-5).
   Dex+5:     It affects your dexterity (+5).
   rF-:       It makes you vulnerable to fire.
   rPois:     It protects you from poison
Armour
 b - a +0 scale mail (worn)
 c - a +0 buckler (worn)
 o - a +0 pair of boots (worn)
 r - a +1 cloak (worn)
Jewellery
 h - a ring of see invisible (left hand)
 w - a +6 ring of strength
Wands
 d - a wand of polymorph (10)
 e - a wand of mindburst (10)
 v - a wand of charming (5)
Scrolls
 j - 2 scrolls of identify {unknown}
 k - 2 scrolls of immolation {unknown}
 m - 2 scrolls of poison {unknown}
 n - a scroll of butterflies {unknown}
 p - 3 scrolls of blinking {unknown}
 s - a scroll of fear {unknown}
 t - 2 scrolls of revelation {unknown}
 u - 2 scrolls of noise {unknown}
 x - a scroll of teleportation {unknown}
 z - a scroll of fog {unknown}
Potions
 f - a potion of mutation {unknown}
 g - a potion of lignification
 i - a potion of brilliance {unknown}
 l - a potion of magic {unknown}


   Skills:
 + Level 6.3 Fighting
 + Level 9.5 Axes
 + Level 7.9 Armour
 + Level 4.3 Dodging
 + Level 1.2 Stealth
 + Level 5.4 Shields


You had 8 spell levels left.
You didn't know any spells.
Your spell library contained the following spells:

 Spells                   Type           Power      Damage    Failure   Level
 Apportation              Tloc           0%         N/A       86%         1
 Necrotise                Necr           0%         1d4       86%         1
 Sting                    Conj/Alch      0%         1d3       86%         1
 Summon Small Mammal      Summ           0%         N/A       86%         1
 Scorch                   Fire           0%         2d5       94%         2
 Flame Wave               Conj/Fire      0%         2d4       100%        4
 Manifold Assault         Tloc           0%         N/A       100%        4
 Dispersal                Tloc           0%         N/A       100%        6
 Summon Cactus Giant      Summ           0%         N/A       100%        6
 Disjunction              Tloc           0%         N/A       100%        8


Dungeon Overview and Level Annotations

Branches:
Dungeon (6/15)             Temple (1/1) D:5

Altars:
Ashenzari
Dithmenos
Elyvilon
Fedhas
Gozag
Hepliaklqana
Kikubaaqudgha
Makhleb
Nemelex Xobeh
Okawaru
Qazlal
Ru
Sif Muna
Trog
Uskayaw
Vehumet
Wu Jian
Xom
Yredelemnul
Zin
The Shining One

Shops:
D:2 =

Annotations:
D:6 2 runed translucent doors


Innate Abilities, Weirdness & Mutations

You have a pair of horns on your head.
You reflexively headbutt those who attack you in melee.


Message History

The puff of flame hits you but does no damage.
Found 4 stones.
An orc wizard comes into view. It is wielding a +0 dagger.
The orc wizard moves out of view.
An orc comes into view. It is wielding a +0 club.
The orc shouts! x2
You see here a scroll labelled AQOMIX JUTTOHULO.
The orc wizard points at you and mumbles some strange words.
The magic dart hits you. The orc wizard casts a spell at you.
You are confused.
An orc priest comes into view. It is wielding a +0 dagger.
The orc priest shouts!
The orc wizard casts a spell.
The orc wizard flickers and vanishes for a moment.
The orc priest calls down the wrath of Beogh upon you.
Beogh smites you!
* * * LOW HITPOINT WARNING * * *
The orc wizard gestures at you while chanting.
The puff of flame hits you! The fire burns you terribly!
* * * LOW HITPOINT WARNING * * *
You are too confused!
You feel less confused.
The orc wizard points at you and mumbles some strange words.
The magic dart hits the orc wizard.
The orc wizard closely misses you. You furiously retaliate!
You headbutt the orc wizard.
The orc priest mumbles some strange prayers to Beogh against you.
You struggle to resist.
The orc wizard attacks as it pursues you!
The orc wizard barely misses you. The orc wizard casts a spell at you.
The magic dart hits the orc wizard.
The orc wizard dies!
The orc wizard casts a spell at you. The puff of flame hits you.
The fire burns you terribly!
* * * LOW HITPOINT WARNING * * *
The orc priest invokes the aid of Beogh against you.
Beogh smites you!
You die...
Your body crumbles into a pile of gold.

########.......
#.o...........
#..##..##..##
#o####$...# #.##
##..## . ##..## #.o#
..
####....###..###...
#.....#.......^..#
#....@#.......(..#
#.......###..###....
###+...## #?.# ..#
#.#.## #..## ..
.####.#.####....## #
.........##..##..##
##.#...............
.....###........###.
#..#.#.#o........# .


You could see an orc priest and an orc wizard.

Vanquished Creatures
  Pikel (D:8)
  Eustachio (D:5)
  Menkaure (D:5)
  Duvessa (D:5)
  Pargi (D:3)
  A black bear (D:5)
  An ogre (D:5)
  A centaur (D:8)
  2 phantoms (D:5)
  2 lemures (D:8)
  A bullfrog (D:8)
  2 gnoll sergeants
  Dowan (D:5)
  A bombardier beetle (D:6)
  A hound (D:5)
  An orc priest (D:3)
  Crazy Yiuf (D:3)
  Jessica (D:3)
  Natasha (thrice) (D:3)
  12 gnolls
  8 adders
  A shadow imp (D:5)
  A white imp (D:6)
  3 ribbon worms
  2 dart slugs
  13 orcs
  13 endoplasms
  A giant cockroach (D:2)
  3 goblins
  6 hobgoblins
  8 jackals
  4 quokkas (D:1)
  5 ball pythons
  6 bats
  2 frilled lizards
  10 kobolds
  4 rats
126 creatures vanquished.

Vanquished Creatures (others)
  An orc wizard (D:8)
1 creature vanquished.

Grand Total: 127 creatures vanquished

Notes
Turn   | Place    | Note
-------+----------+-------------------------------------------
     0 | D:1      | Fodor the Minotaur Fighter began the quest for the Orb.
     0 | D:1      | Reached XP level 1. HP: 19/19 MP: 0/0
   206 | D:1      | Reached XP level 2. HP: 27/27 MP: 1/1
   237 | D:1      | Reached skill level 3 in Axes
   660 | D:2      | Reached XP level 3. HP: 31/33 MP: 2/2
   912 | D:2      | Reached skill level 1 in Dodging
  1315 | D:2      | Reached XP level 4. HP: 39/40 MP: 3/3
  1492 | D:2      | Found Ceymuit's Jewellery Shop.
  1712 | D:3      | Noticed Jessica
  1720 | D:3      | Killed Jessica
  1721 | D:3      | Reached skill level 4 in Axes
  1832 | D:3      | Reached XP level 5. HP: 28/46 MP: 4/4
  2112 | D:3      | Found a runed translucent door.
  2113 | D:3      | Noticed Crazy Yiuf
  2476 | D:3      | Noticed Natasha
  2484 | D:3      | Killed Natasha
  2582 | D:3      | Noticed Pargi
  2596 | D:3      | Killed Pargi
  2597 | D:3      | Reached skill level 5 in Axes
  2597 | D:3      | Reached XP level 6. HP: 28/53 MP: 5/5
  2787 | D:3      | Noticed Natasha
  2795 | D:3      | Killed Natasha
  2835 | D:3      | Noticed Natasha
  2840 | D:3      | Killed Natasha
  3078 | D:3      | Killed Crazy Yiuf
  3601 | D:4      | Reached skill level 1 in Stealth
  3840 | D:4      | Reached skill level 5 in Armour
  4075 | D:5      | Entered Level 5 of the Dungeon
  4092 | D:5      | Reached XP level 7. HP: 50/60 MP: 6/6
  4132 | D:5      | Reached skill level 6 in Axes
  4136 | D:5      | Reached skill level 5 in Fighting
  4520 | D:5      | Noticed Duvessa
  4521 | D:5      | Noticed Dowan
  4529 | D:5      | Killed Duvessa
  4530 | D:5      | Reached skill level 7 in Axes
  4550 | D:5      | Killed Dowan
  4739 | D:5      | Noticed Menkaure
  4746 | D:5      | Killed Menkaure
  4747 | D:5      | Reached skill level 5 in Shields
  4747 | D:5      | Reached XP level 8. HP: 45/69 MP: 7/7
  5082 | D:5      | Found a basalt altar of Yredelemnul.
  5118 | D:5      | Noticed Eustachio
  5155 | D:5      | Killed Eustachio
  5263 | D:5      | Found a staircase to the Ecumenical Temple.
  5272 | Temple   | Entered the Ecumenical Temple
  5283 | Temple   | Became a worshipper of Gozag Ym Sagoz the Greedy
  5414 | D:5      | Found a hide-covered altar of Uskayaw.
  5480 | D:6      | Reached skill level 8 in Axes
  5578 | D:6      | Identified the +8 hand axe of the Sky {venom, rPois rF-
                  | Str-5 Dex+5}
  5591 | D:6      | Found a runed translucent gate.
  5591 | D:6      | Found a runed translucent gate.
  5721 | D:6      | You fall into a shaft and drop 2 floors!
  5734 | D:8      | Noticed Pikel
  5748 | D:8      | Killed Pikel
  5749 | D:8      | Reached skill level 9 in Axes
  5749 | D:8      | Reached XP level 9. HP: 15/75 MP: 8/8
  5812 | D:8      | HP: 3/75 [orc wizard/puff of flame (6)]
  5814 | D:8      | Killed from afar by an orc priest

Illustrated notes

Levels and vault maps discovered:
D:1:      dpeg_chamrin_arrival_tetris, layout_basic
D:2:      layout_basic, serial_shops, nicolae_diamond_shop
D:3:      cheibrodos_pilgrimage, layout_basic, corexii_corridor_pit,
          uniq_jessica, uniq_pargi, uniq_crazy_yiuf_cottage, uniq_natasha
D:4:      layout_basic
D:5:      layout_loops_cross, chequers_temple_overflow_statue_of_worship,
          minmay_temple_entry_poolview, dreamdust_princess_bridge,
          nrook_mini_vaults, uniq_eustachio, uniq_menkaure, uniq_duvessa
D:6:      layout_basic, lemuel_doored_altar, ebering_ghost_gozag, uniq_sigmund
D:8:      layout_basic, erik_lair_island, minmay_misc_feat_secret_circle,
          palyth_stone_intersect, minmay_misc_feat_more_columns,
          glass_columns_a, minivault_22, uniq_grum, uniq_pikel, uniq_joseph
Temple:   nicolae_temple_bog_church

Skill      XL: |  1  2  3  4  5  6  7  8 |
---------------+-------------------------+-----
Axes           | 3 4 5 7 9 |  9.5
Armour         | 4 5 6 7 |  7.9
Fighting       | 4 5 6 |  6.3
Dodging        | 2 3 4 |  4.3
Shields        | 4 5 |  5.4
Stealth        | 1 |  1.2

Action                     |  1- 3 |  4- 6 |  7- 9 || total
---------------------------+-------+-------+-------++-------
  Melee: War axe           |    96 |   113 |    99 ||   308
         Headbutt          |    10 |    17 |    17 ||    44
         Hand axe          |       |       |    21 ||    21
    Use: Potion            |       |       |     5 ||     5
 Armour: Scale mail        |    85 |   113 |    87 ||   285
         Skin              |       |       |     5 ||     5
  Dodge: Dodged            |    64 |    91 |    68 ||   223
  Block: Buckler           |    33 |    28 |    29 ||    90
